 Dungeon Crawl Stone Soup version 0.19.5 (webtiles) character file.

8226 JeffiDaFish the Blocker (level 11, 0/67 HPs)
             Began as a Gargoyle Fighter on Mar 30, 2017.
             Was a High Priest of Okawaru.
             Slain by an eight-headed hydra (3 damage)
             ... on level 1 of the Lair of Beasts.
             The game lasted 00:29:00 (9922 turns).

JeffiDaFish the Blocker (Gargoyle Fighter)          Turns: 9922, Time: 00:29:02

Health: 0/67       AC: 29    Str: 23    XL:     11   Next: 27%
Magic:  11/11      EV: 13    Int: 10    God:    Okawaru [*****.]
Gold:   396        SH: 17    Dex: 17    Spells: 0 memorised, 10 levels left

rFire  . . .     SeeInvis .     h - +2 flail (protect)
rCold  . . .     Gourm    .     p - -2 chain mail (curse)
rNeg   + . .     Faith    .     c - +0 shield
rPois  ∞         Spirit   .     t - +1 helmet of Rofyculi {-Cast +Inv rCorr Dex+5}
rElec  +         Reflect  +     o - +2 cloak
rCorr  +         Harm     .     v - -1 pair of gloves of the Orb {Str+2}
MR     .....     NoCast   +     j - +0 pair of boots (curse)
Stlth  ..........               k - +4 amulet of reflection
                                u - +2 ring of strength
                                a - +3 ring of evasion

@: protection aura
A: negative energy resistance 1, electricity resistance, unbreathing,
petrification resistance, rot immunity, AC +7
a: Heroism, Finesse, Renounce Religion, Evoke Invisibility


You were on level 1 of the Lair of Beasts.
You worshipped Okawaru.
Okawaru was extremely pleased with you.
You were not hungry.

You visited 2 branches of the dungeon, and saw 11 of its levels.

You collected 681 gold pieces.
You spent 285 gold pieces at shops.

Inventory:

Hand Weapons
 h - a +2 flail of protection (weapon)
 m - a +0 morningstar
Armour
 c - a +0 shield (worn)
 j - a cursed +0 pair of boots (worn)
 o - a +2 cloak (worn)
 p - a cursed -2 chain mail (worn)
 t - the +1 helmet of Rofyculi (worn) {-Cast +Inv rCorr Dex+5}
   (You bought it in a shop on level 6 of the Dungeon)

   It affects your dexterity (+5).
   It lets you turn invisible.
   It prevents spellcasting.
   It protects you from acid and corrosion.
 v - the -1 pair of gloves of the Orb (worn) {Str+2}
   (Okawaru gifted it to you on level 10 of the Dungeon)

   It affects your strength (+2).
 w - a +0 chain mail
 y - a +2 chain mail of fire resistance
 z - a +0 plate armour
Jewellery
 a - a +3 ring of evasion (left hand)
 k - a +4 amulet of reflection (around neck)
 u - a +2 ring of strength (right hand)
Scrolls
 e - 6 scrolls of identify
Potions
 d - 2 potions of curing
 g - 3 potions of agility
 i - a potion of haste
 l - 3 potions of brilliance
 r - a potion of resistance
 s - a potion of invisibility {unknown}
 A - a potion of magic
Comestibles
 b - a slice of pizza
 f - 5 bread rations
 n - 4 meat rations
 q - a beef jerky
 x - 4 chunks of flesh


   Skills:
 + Level 7.1 Fighting
 + Level 10.6 Maces & Flails
 + Level 6.3 Armour
 + Level 4.2 Dodging
 + Level 1.3 Stealth
 + Level 11.2 Shields


You had 10 spell levels left.
You didn't know any spells.

Dungeon Overview and Level Annotations

Branches:
Dungeon (10/15)            Temple (0/1) D:4            Lair (1/6) D:10
    Orc: D:9-12

Altars:
Hepliaklqana
Makhleb
Okawaru
Yredelemnul
Zin

Shops:
D:6 [


Innate Abilities, Weirdness & Mutations

You are resistant to torment.
Your stone body is resilient. (AC +7)
You are immune to poison.
You resist negative energy. (rN+)
You are resistant to electric shocks. (rElec)
You can survive without breathing.
You are immune to petrification.
You are immune to rotting.


Message History

The eight-headed hydra bites you.
* * * LOW HITPOINT WARNING * * *
You block the eight-headed hydra's attack.
The eight-headed hydra closely misses you.
The eight-headed hydra barely misses you.
You block the eight-headed hydra's attack.
The eight-headed hydra barely misses you.
Your chain mail prevents you from hitting the eight-headed hydra.
The eight-headed hydra is severely wounded.
You block the eight-headed hydra's attack.
The eight-headed hydra bites you.
* * * LOW HITPOINT WARNING * * *
The eight-headed hydra bites you!
* * * LOW HITPOINT WARNING * * *
The eight-headed hydra bites you but does no damage.
You block the eight-headed hydra's attack.
The eight-headed hydra bites you.
* * * LOW HITPOINT WARNING * * *
The eight-headed hydra misses you. The eight-headed hydra bites you.
You die...

..##..<...........
..####............ ..##
#....#.###...
...###..###..##...
....##.###...... .
....#........... ...
...............#####...P
###............P#.......
#≈#.............@D.....#
≈##.#..##......#.####.#.
....#..###.....##.##..
....#..###............
..##.....##..##.......
.)##.....##............
...#.....#....#........
............>.#........
...#..........#.......


You could see an eight-headed hydra.

Vanquished Creatures
  Josephine (D:10)
  2 hill giants (D:10)
  Joseph (D:7)
  Sigmund (D:3)
  2 yaks (D:10)
  5 wraiths (D:10)
  2 water moccasins
  A porcupine (Lair:1)
  Duvessa (D:4)
  2 black bears
  An eye of draining (D:10)
  4 orc warriors
  2 phantoms
  2 ice beasts
  3 ogres
  4 centaurs
  4 crocodiles (Lair:1)
  3 bullfrogs
  A big kobold (D:7)
  A gnoll sergeant (D:6)
  Blork the orc (D:4)
  3 scorpions
  Dowan (D:4)
  12 killer bees
  5 howler monkeys
  2 vampire bats (D:6)
  4 crimson imps
  2 hounds
  Crazy Yiuf (D:4)
  2 centaur skeletons
  A jelly (D:7)
  4 orc priests
  A gnoll shaman (D:7)
  6 orc wizards
  Jessica (D:3)
  Terence (D:2)
  5 iguanas
  6 worker ants
  A hound zombie (D:9)
  A hound skeleton (D:6)
  Robin (D:3)
  11 adders
  16 gnolls
  2 river rats (D:10)
  2 shadow imps
  An ooze (D:2)
  An adder zombie (D:5)
  2 adder skeletons
  4 worms
  2 dart slugs
  4 leopard geckos
  26 orcs
  23 bats
  10 giant cockroaches
  16 goblins
  9 hobgoblins
  3 jackals (D:6)
  16 kobolds
  4 quokkas
  2 ball pythons
  4 frilled lizards
  A jackal skeleton (D:5)
  A leopard gecko skeleton (D:6)
  A quokka skeleton (D:7)
  A quokka zombie (D:8)
  18 rats
284 creatures vanquished.

Vanquished Creatures (others)
  A goblin (D:3)
1 creature vanquished.

Grand Total: 285 creatures vanquished

Notes
Turn   | Place    | Note
-------+----------+-------------------------------------------
     0 | D:1      | JeffiDaFish the Gargoyle Fighter began the quest for the Orb.
     0 | D:1      | Reached XP level 1. HP: 14/14 MP: 1/1
   268 | D:1      | Reached XP level 2. HP: 19/19 MP: 2/2
   637 | D:1      | Reached XP level 3. HP: 24/24 MP: 3/3
   876 | D:2      | Reached skill level 4 in Shields
   881 | D:2      | Reached XP level 4. HP: 13/29 MP: 4/4
  1180 | D:2      | Found an iron altar of Okawaru.
  1186 | D:2      | Became a worshipper of Warmaster Okawaru
  1249 | D:2      | Noticed Terence
  1259 | D:2      | Killed Terence
  1320 | D:2      | Reached XP level 5. HP: 25/33 MP: 5/5
  1887 | D:3      | Reached skill level 1 in Dodging
  2140 | D:3      | Noticed Jessica
  2143 | D:3      | Killed Jessica
  2187 | D:3      | Noticed Robin
  2199 | D:3      | Reached XP level 6. HP: 19/38 MP: 6/6
  2495 | D:3      | Killed Robin
  2517 | D:3      | Noticed Sigmund
  2523 | D:3      | Killed Sigmund
  2523 | D:3      | Reached * piety under Okawaru
  2523 | D:3      | Reached skill level 5 in Shields
  2597 | D:3      | Reached XP level 7. HP: 33/44 MP: 7/7
  2904 | D:4      | Noticed Dowan
  2905 | D:4      | Noticed Duvessa
  2927 | D:4      | Killed Dowan
  2943 | D:4      | Killed Duvessa
  2943 | D:4      | Reached skill level 5 in Maces & Flails
  2943 | D:4      | Reached skill level 6 in Shields
  3145 | D:4      | Noticed Blork the orc
  3155 | D:4      | Killed Blork the orc
  3167 | D:4      | Reached ** piety under Okawaru
  3188 | D:4      | Reached XP level 8. HP: 36/48 MP: 8/8
  3327 | D:4      | Found a staircase to the Ecumenical Temple.
  3747 | D:4      | Found a runed door.
  3751 | D:4      | Noticed Crazy Yiuf
  3756 | D:4      | Killed Crazy Yiuf
  3897 | D:4      | Reached skill level 7 in Shields
  3982 | D:5      | Entered Level 5 of the Dungeon
  4327 | D:5      | Reached skill level 5 in Armour
  4381 | D:5      | Reached skill level 5 in Fighting
  4525 | D:5      | Found a burning altar of Makhleb.
  4525 | D:5      | Found a hazy altar of Hepliaklqana.
  4612 | D:5      | Reached XP level 9. HP: 54/54 MP: 9/9
  4993 | D:6      | Reached *** piety under Okawaru
  5202 | D:6      | Reached skill level 1 in Stealth
  5271 | D:6      | Found Amev's Antique Armour Boutique.
  5279 | D:6      | Bought a smoking helmet for 285 gold pieces
  5289 | D:6      | Identified the +1 helmet of Rofyculi {-Cast +Inv rCorr Dex+5} (You bought it in a shop on level 6 of the Dungeon)
  5621 | D:6      | Reached skill level 8 in Shields
  6214 | D:7      | Reached **** piety under Okawaru
  6462 | D:7      | Noticed Joseph
  6492 | D:7      | Killed Joseph
  6492 | D:7      | Reached skill level 9 in Shields
  6492 | D:7      | Reached XP level 10. HP: 54/60 MP: 10/10
  6523 | D:7      | Found a glowing silver altar of Zin.
  7849 | D:9      | Received a gift from Okawaru
  7934 | D:9      | Found a basalt altar of Yredelemnul.
  8497 | D:10     | Entered Level 10 of the Dungeon
  8745 | D:10     | Noticed a hill giant
  8763 | D:10     | Killed a hill giant
  8763 | D:10     | Reached ***** piety under Okawaru
  8763 | D:10     | Reached skill level 10 in Shields
  8836 | D:10     | Found a staircase to the Lair.
  9050 | D:10     | Noticed Josephine
  9076 | D:10     | Killed Josephine
  9076 | D:10     | Reached skill level 10 in Maces & Flails
  9449 | D:10     | Noticed a hill giant
  9469 | D:10     | Killed a hill giant
  9469 | D:10     | Received a gift from Okawaru
  9469 | D:10     | Reached XP level 11. HP: 50/67 MP: 2/11
  9478 | D:10     | Got a pair of smoking gloves {god gift}
  9484 | D:10     | Identified the -1 pair of gloves of the Orb {Str+2} (Okawaru gifted it to you on level 10 of the Dungeon)
  9658 | D:10     | Reached skill level 11 in Shields
  9749 | Lair:1   | Entered Level 1 of the Lair of Beasts
  9909 | Lair:1   | Noticed an eight-headed hydra
  9922 | Lair:1   | HP: 3/67 [eight-headed hydra (5)]
  9922 | Lair:1   | Slain by an eight-headed hydra

Skill      XL: |  1  2  3  4  5  6  7  8  9 10 11 |
---------------+----------------------------------+-----
Shields        | 4 5 6 7 9 10 11 | 11.2
Fighting       | 4 5 7 |  7.1
Maces & Flails | 3 4 5 7 8 10 | 10.6
Armour         | 4 5 6 |  6.3
Dodging        | 1 2 3 4 |  4.2
Stealth        | 1 |  1.3

Action                   |  1- 3 |  4- 6 |  7- 9 | 10-12 || total
-------------------------+-------+-------+-------+-------++-------
Melee: Flail             |   110 |   200 |   479 |   497 ||  1286
       Morningstar       |       |       |   118 |       ||   118
  Use: Scroll            |     4 |     3 |    10 |     5 ||    22
       Potion            |     3 |     2 |     8 |     1 ||    14
  Eat: Chunk             |       |     6 |    14 |     8 ||    28
       Royal jelly       |       |       |       |     1 ||     1
       Beef jerky        |       |       |       |     1 ||     1
Armor: Scale mail        |    71 |   133 |   168 |       ||   372
       Chain mail        |       |       |    52 |   213 ||   265
Dodge: Dodged            |    34 |    80 |   209 |   215 ||   538
Block: Shield            |    75 |   155 |   530 |   504 ||  1264
       Reflection        |       |     5 |     7 |     3 ||    15
